 Dungeon Crawl Stone Soup version 0.28-a0-1190-g77e1c55843 (webtiles) character file.

Game seed: 4470061493633216971

5881 Conn the Arsonist (level 10, -4/61 HPs)
             Began as an Octopode Fire Elementalist on Dec 18, 2021.
             Was a Follower of Sif Muna.
             Slain by a killer bee (10 damage)
             ... on level 10 of the Dungeon.
             The game lasted 00:28:21 (11306 turns).

Conn the Arsonist (Octopode Fire Elementalist)     Turns: 11306, Time: 00:28:23

Health: -4/61      AC:  1    Str:  8    XL:     10   Next: 81%
Magic:  11/22      EV: 14    Int: 21    God:    Sif Muna [*.....]
Gold:   502        SH:  0    Dex: 13    Spells: 2/26 levels left

rFire   . . .      SeeInvis .   f - +0 dagger (venom)
rCold   . . .      Faith    .   (no shield)
rNeg    . . .      Spirit   .   (helmet restricted)
rPois   +          Reflect  .   t - amulet of magic regeneration
rElec   .          Harm     .   l - ring of poison resistance
rCorr   .          Rampage  .   x - ring of flight
Will    .....                   (no ring)
Stlth   ++++......              (no ring)
HPRegen 0.20/turn               (no ring)
MPRegen 0.58/turn               (no ring)
                                (no ring)
                                (no ring)

@: lethally poisoned (-4 -> -11), flying
A: almost no armour, amphibious, 8 rings, camouflage 1, gelatinous body 1,
(nimble swimmer 1), tentacles
a: Renounce Religion, Channel Magic


You were on level 10 of the Dungeon.
You worshipped Sif Muna.
Sif Muna was aware of your devotion.
You visited 2 branches of the dungeon, and saw 11 of its levels.
You also visited: Bailey.

You collected 599 gold pieces.
You spent 97 gold pieces at shops.

Inventory:

Hand Weapons
 d - a +0 vampiric hand axe
 f - a +0 dagger of venom (weapon)
 m - a +1 vorpal hand crossbow
 o - a +1 whip of electrocution
Missiles
 b - 46 poisoned darts
 s - 2 atropa-tipped darts
Jewellery
 l - a ring of poison resistance (left tentacle)
 t - an amulet of magic regeneration (around mantle)
 v - a ring of ice
 x - a ring of flight (right tentacle)
 B - an amulet of faith
Scrolls
 a - a scroll of fog
 h - a scroll of enchant armour
 k - a scroll of summoning
 p - 3 scrolls of teleportation
 r - a scroll of noise
 y - a scroll of magic mapping
Potions
 c - a potion of resistance
 e - 6 potions of curing
 g - 4 potions of haste
 i - a potion of berserk rage
 j - 2 potions of mutation
 n - a potion of degeneration
 q - a potion of might
 u - a potion of magic
 z - 2 potions of attraction
 A - 3 potions of invisibility
Miscellaneous
 w - a phantom mirror


   Skills:
 + Level 2.5 Fighting
 + Level 2.4 Short Blades
 + Level 1.0 Axes
 + Level 3.8 Dodging
 + Level 6.2 Stealth
 + Level 8.5 Spellcasting
 * Level 6.2 Conjurations
 + Level 2.7 Hexes
 * Level 2.2 Translocations
 * Level 8.8 Fire Magic
 * Level 2.1 Invocations


You had 2 spell levels left.
You knew the following spells:

 Your Spells              Type           Power      Damage    Failure   Level
a - Foxfire               Conj/Fire      100%       2x1d9     1%          1
b - Conjure Flame         Conj/Fire      40%        6-21      1%          3
c - Inner Flame           Hex/Fire       33%        N/A       1%          3
d - Flame Wave            Conj/Fire      40%        2d8       3%          4
e - Scorch                Fire           90%        2d9       1%          2
f - Dispersal             Tloc           9%         N/A       99%         6
g - Fireball              Conj/Fire      20%        3d10      10%         5

Your spell library contained the following spells:

 Spells                   Type           Power      Damage    Failure   Level
 Ensorcelled Hibernation  Hex/Ice        28%        N/A       6%          2
 Corpse Rot               Necr/Air       16%        N/A       12%         2
 Poisonous Vapours        Pois/Air       16%        N/A       12%         2
 Dazzling Flash           Conj/Hex       54%        N/A       3%          3
 Tukima's Dance           Hex            20%        N/A       8%          3
 Gell's Gravitas          Tloc           18%        N/A       9%          3
 Teleport Other           Tloc           18%        N/A       9%          3
 Iskenderun's Battlesphe  Conj           35%        2d9       16%         5
 Conjure Ball Lightning   Conj/Air       11%        3x3d6     97%         6
 Orb of Destruction       Conj           17%        9d8       99%         7


Dungeon Overview and Level Annotations

Branches:
Dungeon (10/15)            Temple (1/1) D:7          Bailey (visited)
   Lair: D:8-11         Orc: D:9-12

Altars:
Ashenzari
Cheibriados
Dithmenos
Elyvilon
Fedhas
Gozag
Hepliaklqana
Kikubaaqudgha
Makhleb
Nemelex Xobeh
Okawaru
Qazlal
Ru
Sif Muna
Trog
Uskayaw
Vehumet
Wu Jian
Xom
Yredelemnul
Zin
The Shining One

Shops:
D:3 ?


Innate Abilities, Weirdness & Mutations

You cannot wear most types of armour.
You are amphibious.
You can wear up to eight rings at the same time.
Your skin changes colour to match your surroundings (Stealth+).
Your rubbery body absorbs attacks. (AC +1, EV +1)
((You are camouflaged near water. (Stealth+)))
You have tentacles for arms and can constrict up to eight enemies at once.


Message History

The killer bee poisons you! The killer bee stings you!
The killer bee misses you. The killer bee stings you.
You are more poisoned.
The killer bee poisons you!
Unknown command.
Casting: Flame Wave (dangerous; 3% risk of failure)
Confirm with . or Enter, or press ? or * to list all spells.
Casting: Flame Wave (dangerous; 3% risk of failure)
Press: ? - help, Dir - look around, f - activate A wave of flame ripples out!
The flame wave engulfs the killer bee!
The killer bee is severely wounded.
The flame wave engulfs the killer bee!
The killer bee is burned terribly!
You kill the killer bee!
Sif Muna accepts your kill. (Press . to intensify the flame waves.)
You feel very sick. The killer bee stings you.
* * * LOW HITPOINT WARNING * * *
The killer bee stings you.
* * * LOW HITPOINT WARNING * * *
A wave of flame ripples out!
The flame wave engulfs the killer bee!
You kill the killer bee!
Sif Muna accepts your kill.
The flame wave engulfs the killer bee!
The killer bee is heavily wounded.
The killer bee buzzes angrily.
The flame wave engulfs the killer bee!
You kill the killer bee!
Sif Muna accepts your kill.
* * * LOW HITPOINT WARNING * * *
You feel very sick. The killer bee stings you.
* * * LOW HITPOINT WARNING * * *
A wave of flame ripples out!
The flame wave engulfs the killer bee!
The killer bee is almost dead.
You finish channelling waves of flame.
* * * LOW HITPOINT WARNING * * *
You feel very sick. The killer bee stings you!
You die...

. #...........# ..
#...........# ...
#........... ....
#.......... ....(
#........#+####......
#........#...@y†.....
#........#....#......
#........+....# .....
#....<...#....# ....
#........#....# ...
#..##....#....# ..
#........#....# #
#........#....#
#........'....#


You could see a killer bee.

Vanquished Creatures
  A two-headed ogre (D:9)
  A komodo dragon (shapeshifter) (D:8)
  A troll (D:10)
  A meliai (D:9)
  2 wyverns
  4 yaks (D:9)
  3 steam dragons
  2 water moccasins
  3 sky beasts
  6 orc warriors
  2 centaurs
  2 kobold brigands
  4 bullfrogs
  A gnoll sergeant (D:7)
  2 scorpions
  A wyvern skeleton (D:6)
  11 killer bees
  5 wights (D:7)
  2 centaur zombies
  A bullfrog zombie (D:7)
  3 hounds
  4 orc priests
  A centaur skeleton (D:4)
  2 bullfrog skeletons
  Jessica (D:2)
  5 orc wizards
  2 iguanas
  A scorpion zombie (D:5)
  A hound skeleton (D:4)
  9 adders
  2 adder skeletons
  A worm (D:2)
  4 dart slugs
  41 orcs
  12 ball pythons
  8 endoplasms
  2 giant cockroaches (D:2)
  4 goblins (D:2)
  4 hobgoblins
  15 jackals
  4 quokkas
  6 bats
  3 frilled lizards
  20 kobolds
  5 rats
  A spectral goblin (D:2)
216 creatures vanquished.

Vanquished Creatures (collateral kills)
  A foxfire (D:3)
1 creature vanquished.

Vanquished Creatures (others)
  675 foxfires
  A fungus (D:10)
  16 plants (D:10)
692 creatures vanquished.

Grand Total: 909 creatures vanquished

Notes
Turn   | Place    | Note
-------+----------+-------------------------------------------
     0 | D:1      | Conn the Octopode Fire Elementalist began the quest for the
                  | Orb.
     0 | D:1      | Reached XP level 1. HP: 11/11 MP: 3/3
   154 | D:1      | Reached XP level 2. HP: 16/17 MP: 0/5
   699 | D:1      | Reached XP level 3. HP: 21/21 MP: 3/6
  1258 | D:2      | Found a faded altar of an unknown god.
  1271 | D:2      | Reached XP level 4. HP: 19/27 MP: 2/8
  1607 | D:2      | Noticed Jessica
  1611 | D:2      | Killed Jessica
  1810 | D:2      | Reached XP level 5. HP: 32/32 MP: 5/9
  2546 | D:3      | Found Kuup's Magic Scroll Shoppe.
  2561 | D:3      | Bought a scroll of blinking for 97 gold pieces
  2677 | D:3      | Found a sacrificial altar of Ru.
  2770 | D:3      | Reached skill level 1 in Axes
  3053 | D:3      | Reached XP level 6. HP: 17/37 MP: 8/11
  4290 | D:4      | Learned a level 3 spell: Conjure Flame
  4294 | D:4      | Learned a level 3 spell: Inner Flame
  4299 | D:4      | Learned a level 4 spell: Flame Wave
  4302 | D:4      | Learned a level 2 spell: Scorch
  4660 | D:5      | Entered Level 5 of the Dungeon
  4682 | D:5      | Reached XP level 7. HP: 42/42 MP: 9/13
  4760 | D:5      | Reached skill level 1 in Fighting
  5686 | D:6      | Reached skill level 5 in Fire Magic
  5844 | D:6      | Reached skill level 5 in Spellcasting
  5844 | D:6      | Reached XP level 8. HP: 48/48 MP: 12/15
  6087 | D:6      | Reached skill level 1 in Short Blades
  6583 | D:7      | Found a staircase to the Ecumenical Temple.
  6589 | Temple   | Entered the Ecumenical Temple
  6777 | D:7      | Reached skill level 5 in Stealth
  6779 | D:7      | Reached skill level 1 in Hexes
  7697 | D:8      | Reached XP level 9. HP: 53/54 MP: 15/17
  8116 | D:8      | Reached skill level 5 in Conjurations
  8266 | D:8      | Found a glowing golden altar of the Shining One.
  8266 | D:8      | Found a shimmering blue altar of Sif Muna.
  8266 | D:8      | Found a snail-covered altar of Cheibriados.
  8271 | D:8      | Became a worshipper of Sif Muna the Loreminder
  8274 | D:8      | Noticed a komodo dragon
  8377 | D:8      | Killed a komodo dragon
  8409 | D:8      | Found a white marble altar of Elyvilon.
  9235 | D:9      | Found a shadowy altar of Dithmenos.
  9310 | D:9      | Noticed a meliai
  9432 | D:9      | Noticed a two-headed ogre
  9442 | D:9      | Killed a two-headed ogre
  9443 | D:9      | Reached XP level 10. HP: 45/61 MP: 15/21
  9534 | D:9      | Found a flagged portal.
  9543 | Bailey   | Entered a bailey
  9617 | Bailey   | Learned a level 6 spell: Dispersal
  9721 | Bailey   | Reached * piety under Sif Muna
  9803 | Bailey   | Identified the +9 ice dragon scales of Hatuir {-Cast rF-
                  | rC++ Str+4}
  9805 | Bailey   | Got the Guide on Enchantment
 10037 | D:9      | Reached skill level 1 in Translocations
 10037 | D:9      | Reached skill level 1 in Invocations
 11107 | D:10     | Entered Level 10 of the Dungeon
 11123 | D:10     | Learned a level 5 spell: Fireball
 11306 | D:10     | Slain by a killer bee

Illustrated notes

Levels and vault maps discovered:
D:1:      dpeg_arrival_round_b, layout_basic, minmay_hexomino_c4
D:2:      layout_basic, dreamdust_ecumenical_altar_drowned_temple, uniq_jessica
D:3:      layout_rooms, nicolae_ru_awakened_eye, serial_shops,
          nicolae_square_shop, serial_forest, infiniplex_forest_straight_3,
          infiniplex_forest_end_2, infiniplex_forest_end_1,
          infiniplex_forest_lined_2, infiniplex_forest_straight_4,
          infiniplex_forest_lined_2
D:4:      layout_loops_corners, minmay_pentangle
D:5:      layout_gridville
D:6:      layout_rooms
D:7:      layout_basic, minmay_temple_entry_crystal_x, st_stairs_5
D:8:      lemuel_ice_spiral_2, layout_basic, grunt_temple_overflow_cloverleaf
D:9:      layout_roguey, nicolae_dithmenos_shadow_blocks, enter_bailey_8,
          small_chamber_with_monster
D:10:     layout_stronghold, minmay_lair_entry_grove, uniq_maggie
Temple:   eino_temple_scatter_basement

Skill      XL: |  1  2  3  4  5  6  7  8  9 10 |
---------------+-------------------------------+-----
Stealth        | 3 4 5 6 |  6.2
Fire Magic     | 4 5 6 7 8 |  8.8
Spellcasting   | 3 4 5 7 8 |  8.5
Conjurations   | 2 3 4 5 6 |  6.2
Axes           | 1 |  1.0
Fighting       | 1 2 |  2.5
Dodging        | 3 |  3.8
Short Blades   | 1 2 |  2.4
Hexes          | 1 2 |  2.7
Translocations | 2 |  2.2
Invocations    | 2 |  2.1

Action                   |  1- 3 |  4- 6 |  7- 9 | 10-12 || total
-------------------------+-------+-------+-------+-------++-------
Melee: Unarmed           |    10 |       |       |       ||    10
       Constrict         |     9 |    13 |     8 |     3 ||    33
       Tentacles         |     7 |    16 |    11 |     4 ||    38
       Hand axe          |    21 |    18 |       |       ||    39
       Whip              |       |     7 |       |       ||     7
       Dagger            |       |    35 |    52 |    18 ||   105
 Cast: Foxfire           |    38 |   129 |   149 |    80 ||   396
       Inner Flame       |       |       |    16 |     7 ||    23
       Scorch            |       |       |    10 |    22 ||    32
       Conjure Flame     |       |       |     7 |     8 ||    15
       Flame Wave        |       |       |     2 |     3 ||     5
  Use: Scroll            |       |     6 |    12 |     1 ||    19
       Potion            |       |     3 |     2 |     1 ||     6
 Stab: Sleeping          |     3 |     4 |     5 |     4 ||    16
Armor: Skin              |     4 |    10 |     9 |     1 ||    24
Dodge: Dodged            |    31 |    57 |    78 |    26 ||   192

Table legend: (Time is in decaauts)
 A = Elapsed time spent in this place.
 B = Non-inter-level travel time spent in this place.
 C = Inter-level travel time spent in this place.
 D = Time resting spent in this place.
 E = Time spent auto-exploring this place.
 F = Levels seen in this place.
 G = Mean time per level.
                   A        B        C        D        E       F      G
               +--------+--------+--------+--------+--------+-----+--------+
         Total |  11330 |  11010 |    320 |    455 |   7900 |  12 |  944.2 |
       Dungeon |  10766 |  10453 |    313 |    386 |   7664 |  10 | 1076.6 |
        Temple |    137 |    130 |      7 |      0 |    108 |   1 |  137.0 |
        Bailey |    427 |    427 |      0 |     69 |    128 |   1 |  427.0 |
               +--------+--------+--------+--------+--------+-----+--------+

Top non-repeatable levels by time:
     D:8: 1604 daAuts
     D:9: 1453 daAuts
     D:3: 1278 daAuts
     D:4: 1193 daAuts
     D:2: 1109 daAuts
     D:1: 1099 daAuts
     D:5: 966 daAuts
     D:7: 966 daAuts
     D:6: 895 daAuts
  Bailey: 427 daAuts
    D:10: 198 daAuts
  Temple: 137 daAuts
